 Dungeon Crawl Stone Soup version 0.31-a0-986-g5e6e4ef867 (webtiles) character file.

Game seed: 12849883553921493467

6308 wally255 the Grappler (level 10, 0/102 HPs)
             Began as a Troll Monk on Nov 21, 2023.
             Was a Priest of Trog.
             Slain by a wolf spider (shapeshifter) (6 damage)
             ... on level 9 of the Dungeon.
             The game lasted 00:28:47 (10454 turns).

wally255 the Grappler (Troll Monk)                 Turns: 10454, Time: 00:28:47

Health: 0/102      AC:  8    Str: 21    XL:     10   Next: 63%
Magic:  9/9        EV: 17    Int:  6    God:    Trog [***...]
Gold:   601        SH:  0    Dex: 16    Spells: 9/9 levels left

rFire   + .          .
                       - Unarmed
rCold   . . .        c - orb {light}
rNeg    + + .        i - +0 steam dragon scales
rPois   .            (helmet restricted)
rElec   .            (no cloak)
rCorr   .            (gloves unavailable)
SInv    .            (boots unavailable)
Will    .....        r - amulet of Ikhlif {Drain rN++ Regen+}
Stlth   +            k - ring of protection from fire
HPRegen 1.97/turn    u - +5 ring of evasion
MPRegen 0.11/turn

%: no passive effects
@: confused, on berserk cooldown, slowed, glowing, studying Armour, very slow
A: large, unfitting armour, claws 3, regeneration 1, shaggy fur 1, tough skin 1
a: Renounce Religion, Berserk, Trog's Hand


You were on level 9 of the Dungeon.
You worshipped Trog.
Trog was most pleased with you.
You visited 2 branches of the dungeon, and saw 10 of its levels.
You also visited: Sewer.

You collected 601 gold pieces.

Inventory:

Missiles
 g - 51 poisoned darts (quivered)
 t - a throwing net
Armour
 c - an orb of light (worn)
 i - +0 steam dragon scales (worn)
 s - a +1 robe of resistance
Jewellery
 k - a ring of protection from fire (left claw)
 l - a ring of protection from fire
 r - the amulet of Ikhlif (around neck) {Drain rN++ Regen+}
   (You took it off a gnoll on level 5 of the Dungeon)

   [amulet of regeneration]

   rN++:      It greatly protects you from negative energy.
   Regen+:    It increases your rate of health regeneration.
   Drain:     It drains your maximum health when unequipped.
 u - a +5 ring of evasion (right claw)
Scrolls
 a - a scroll of revelation
 m - 4 scrolls of teleportation
 n - a scroll of fog
Potions
 b - a potion of ambrosia
 d - 8 potions of curing
 e - a potion of lignification
 f - a potion of might {unknown}
 h - 2 potions of mutation
 j - a potion of enlightenment {unknown}
 o - 3 potions of haste
 p - 2 potions of heal wounds {unknown}
 q - 4 potions of attraction
 v - 2 potions of invisibility


   Skills:
 + Level 7.2 Fighting
 + Level 4.8 Armour
 - Level 6.0 Dodging
 * Level 11.9 Unarmed Combat


You had 9 spell levels left.
You didn't know any spells.
Your spell library contained the following spells:

 Spells                   Type           Power      Damage    Failure   Level
 Kiss of Death            Conj/Necr      0%         2d5       45%         1
 Static Discharge         Conj/Air       0%         3-3/arc   58%         2
 Call Canine Familiar     Summ           0%         N/A       83%         3
 Ignite Poison            Fire/Tmut/Pois 0%         N/A       83%         3
 Sigil of Binding         Hex            0%         N/A       83%         3
 Airstrike                Air            0%         2d(0-16)  99%         4
 Dimensional Bullseye     Hex/Tloc       0%         N/A       99%         4
 Dispel Undead            Necr           0%         3d6       99%         4
 Leda's Liquefaction      Hex/Erth       0%         N/A       99%         4
 Summon Lightning Spire   Summ/Air       0%         N/A       99%         4
 Death Channel            Necr           0%         N/A       100%        6


Dungeon Overview and Level Annotations

Branches:
Dungeon (9/15)             Temple (1/1) D:5           Sewer (visited)
   Lair: D:8-11         Orc: D:9-12

Altars:
Ashenzari
Cheibriados
Dithmenos
Elyvilon
Fedhas
Gozag
Hepliaklqana
Kikubaaqudgha
Makhleb
Nemelex Xobeh
Okawaru
Qazlal
Ru
Sif Muna
Trog
Uskayaw
Vehumet
Wu Jian
Xom
Yredelemnul
Zin
The Shining One

Shops:
D:5 =


Innate Abilities, Weirdness & Mutations

You are too large for most types of armour.
You have claws for hands.
Your natural rate of healing is unusually fast.
You are covered in fur. (AC +1)
You have tough skin. (AC +1)


Message History

You scratch the two-headed ogre but do no damage.
The two-headed ogre is moderately wounded.
The merfolk changes into a steelbarb worm!
The two-headed ogre closely misses you. The two-headed ogre misses you.
The wolf spider hits you but does no damage.
The wolf spider misses you. The wolf spider hits you!!
The wolf spider misses you. x2; The wolf spider barely misses you.
The two-headed ogre attacks as it pursues you!
The two-headed ogre barely misses you. The two-headed ogre hits you.
The rakshasa hits you from afar with a +0 trident!
The wolf spider hits you but does no damage.
The wolf spider bites you! The wolf spider closely misses you.
The wolf spider bites you!
You are poisoned.
The wolf spider poisons you!
You feel extremely sick.
The wolf spider attacks as it pursues you!
The wolf spider barely misses you. The wolf spider bites you!
* * * LOW HITPOINT WARNING * * *
The wolf spider closely misses you. The wolf spider barely misses you.
The wolf spider closely misses you.
The wolf spider bites you but does no damage.
The wolf spider hits you!
* * * LOW HITPOINT WARNING * * *
The wolf spider completely misses you.
You feel extremely sick.
The moth of wrath changes into a salamander!
The salamander changes into a golden eye!
The wolf spider hits you but does no damage.
The wolf spider bites you but does no damage.
The wolf spider barely misses you. The wolf spider bites you!
* * * LOW HITPOINT WARNING * * *
You feel better. The wolf spider completely misses you.
The wolf spider barely misses you. The wolf spider closely misses you.
The wolf spider bites you!
* * * LOW HITPOINT WARNING * * *
The golden eye blinks at you.
You are confused.
The wolf spider barely misses you. The wolf spider bites you.
You die...

#[#.#.# ###.#.#.#
# #.#.#.#.#.#
#.##.#.#.#.#.#.#..
#.'...y.RG....'..
#.#.#.#.#O#.#.#..
.. #.#.#.#w# #
#'#####.#.#s# # .#
#.#.#@# .####.#.#
.####)###
#.##.##.# #.#.##.#
#### ' #.')#.#
#... #. #.##)#
#... #.# ##.#.##
.... ..#... #.#
##.####+### ..#
...##.#


You could see a steelbarb worm shaped shifter (summoned), a rakshasa, a wolf
spider shaped shifter (summoned, berserk), a two-headed ogre and a golden eye
shaped shifter (summoned).

Vanquished Creatures
  A centaur warrior (D:9)
  An ugly thing (D:9)
  A deep elf pyromancer (D:9)
  A kobold demonologist (D:9)
  A troll (D:9)
  A hornet (D:8)
  Prince Ribbit (D:5)
  A slime creature (D:9)
  A wyvern (D:7)
  A yak (D:9)
  A golden eye (D:8)
  A steam dragon (D:7)
  2 water moccasins
  An orc warrior (D:9)
  2 ice beasts
  3 black bears
  2 sky beasts (D:7)
  2 ogres
  A phantom (D:4)
  7 kobold brigands
  5 bullfrogs
  A gnoll sergeant (D:9)
  3 scorpions
  A killer bee (D:9)
  2 howler monkeys
  5 hounds
  3 orc priests
  3 jellies
  5 iguanas
  Ijyb (D:3)
  5 orc wizards
  6 gnolls (D:5)
  3 river rats (Sewer)
  16 adders
  A white imp (D:6)
  4 worms
  5 dart slugs
  18 orcs
  4 endoplasms
  7 giant cockroaches
  6 goblins
  4 hobgoblins
  9 jackals
  4 quokkas
  15 ball pythons
  8 bats
  4 frilled lizards
  17 kobolds
  10 rats
207 creatures vanquished.

Notes
Turn   | Place    | Note
-------+----------+-------------------------------------------
     0 | D:1      | wally255 the Troll Monk began the quest for the Orb.
     0 | D:1      | Reached XP level 1. HP: 22/22 MP: 0/0
   131 | D:1      | Reached XP level 2. HP: 25/29 MP: 1/1
   709 | D:1      | Reached XP level 3. HP: 36/36 MP: 2/2
   997 | D:2      | Found a faded altar of an unknown god.
  1164 | D:2      | Reached skill level 4 in Unarmed Combat
  1240 | D:2      | Reached XP level 4. HP: 40/44 MP: 3/3
  1503 | D:2      | Identified the +1 robe of Yredelemnul's Hope {Drain rPois
                  | rF+ Stlth+}
  1969 | D:3      | Identified the "Laleib"
  2043 | D:3      | Noticed Ijyb
  2302 | D:3      | Killed Ijyb
  2473 | D:3      | Found an ornate altar of the Wu Jian Council.
  2558 | D:3      | Noticed a black bear
  2565 | D:3      | Killed a black bear
  2566 | D:3      | Reached XP level 5. HP: 26/53 MP: 4/4
  2720 | D:3      | Found an ancient bone altar of Kikubaaqudgha.
  2728 | D:3      | Reached skill level 5 in Unarmed Combat
  3360 | D:4      | Reached XP level 6. HP: 58/61 MP: 5/5
  3605 | D:4      | Found a burning altar of Makhleb.
  3702 | D:4      | Found an iron altar of Okawaru.
  3829 | D:4      | Found a blossoming altar of Fedhas.
  4173 | D:5      | Entered Level 5 of the Dungeon
  4201 | D:4      | Reached skill level 6 in Unarmed Combat
  4201 | D:4      | Reached XP level 7. HP: 60/68 MP: 6/6
  4600 | D:5      | Found Fivaf Orch's Jewellery Boutique.
  4766 | D:5      | Found a glowing golden altar of the Shining One.
  4829 | D:5      | Reached skill level 7 in Unarmed Combat
  5155 | D:5      | Reached XP level 8. HP: 79/79 MP: 7/7
  5194 | D:5      | Found a staircase to the Ecumenical Temple.
  5210 | Temple   | Entered the Ecumenical Temple
  5245 | Temple   | Became a worshipper of Trog the Wrathful
  5245 | Temple   | Reached * piety under Trog
  5245 | Temple   | Reached ** piety under Trog
  5458 | D:5      | Noticed Prince Ribbit
  5479 | D:5      | Killed Prince Ribbit
  5481 | D:5      | Identified the amulet of Ikhlif {Drain rN++ Regen+}
  5923 | D:6      | Reached skill level 5 in Fighting
  5923 | D:6      | Reached skill level 5 in Dodging
  5923 | D:6      | Reached skill level 8 in Unarmed Combat
  6050 | D:6      | Identified a scroll of acquirement
  6051 | D:6      | Found a glowing drain.
  6082 | Sewer    | Entered a sewer
  6848 | Sewer    | Reached XP level 9. HP: 88/88 MP: 8/8
  6944 | D:6      | Reached skill level 9 in Unarmed Combat
  7591 | D:7      | Found a hazy altar of Hepliaklqana.
  7910 | D:7      | Reached *** piety under Trog
  8137 | D:7      | Reached skill level 10 in Unarmed Combat
  8285 | D:8      | Reached skill level 1 in Armour
  8650 | D:8      | Found a white marble altar of Elyvilon.
  9186 | D:8      | Found an opulent altar of Gozag.
  9601 | D:9      | Noticed a troll
  9605 | D:9      | Killed a troll
  9606 | D:9      | Reached XP level 10. HP: 100/100 MP: 9/9
  9915 | D:9      | Found a shimmering blue altar of Sif Muna.
  9915 | D:9      | Found an opulent altar of Gozag.
  9916 | D:9      | Found a shimmering altar of Xom.
  9916 | D:9      | Found an ornate altar of the Wu Jian Council.
  9923 | D:9      | Acquired a manual of Armour
 10250 | D:9      | Reached skill level 11 in Unarmed Combat
 10339 | D:9      | Noticed a deep elf pyromancer
 10339 | D:9      | Noticed a brown ugly thing
 10339 | D:9      | Noticed a centaur warrior
 10350 | D:9      | Killed a brown ugly thing
 10356 | D:9      | Killed a centaur warrior
 10366 | D:9      | Killed a deep elf pyromancer
 10436 | D:9      | Noticed a rakshasa
 10438 | D:9      | Noticed a two-headed ogre
 10439 | D:9      | Noticed a two-headed ogre
 10444 | D:9      | a two-headed ogre changed into a dream sheep
 10447 | D:9      | a two-headed ogre changed into a moth of wrath
 10447 | D:9      | Noticed a moth of wrath (shapeshifter)
 10447 | D:9      | a two-headed ogre changed into a wolf spider
 10447 | D:9      | Noticed a wolf spider (shapeshifter)
 10449 | D:9      | a merfolk changed into a steelbarb worm
 10449 | D:9      | Noticed a steelbarb worm (shapeshifter)
 10453 | D:9      | a moth of wrath changed into a salamander
 10453 | D:9      | Noticed a salamander (shapeshifter)
 10453 | D:9      | a salamander changed into a golden eye
 10453 | D:9      | HP: 2/102 [wolf spider (shapeshifter) (11)]
 10454 | D:9      | Slain by a wolf spider (shapeshifter)

Illustrated notes

Levels and vault maps discovered:
D:1:      scummos_arrival_gate, layout_loops_corners
D:2:      layout_loops_corners, ebering_ecumenical_altar_box
D:3:      layout_loops_ring, mainiacjoe_overflow_catwalk,
          mainiacjoe_overflow_24_doors, uniq_ijyb
D:4:      layout_gridville, fedhas_altar_3, mainiacjoe_overflow_catch_the_wave
D:5:      layout_cave_pools, nicolae_tso_swordbearing_angel,
          minmay_temple_entry_enclosed_plants, serial_shops, shop,
          minmay_checkerbox, uniq_prince_ribbit1
D:6:      layout_loops_ring, gup_sewer_entry_glass, minivault_1
D:7:      layout_loops_ring, lemuel_crystal_altar,
          chequers_serial_rivers_micro_b
D:8:      layout_basic, elyvilon_altar_5, nicolae_gozag_seed_capital
D:9:      minmay_the_grid_octo_tiled_octocenter
          [minmay_the_grid_octo_tetromino_candy, minmay_the_grid_octo_teeth,
          minmay_the_grid_octo_shrine, minmay_the_grid_octo_odd_swirl,
          minmay_the_grid_octo_prize_single_spiral,
          minmay_the_grid_square_5x5_spiral_small,
          minmay_the_grid_square_5x5_n_small,
          minmay_the_grid_square_5x5_beaten_path,
          minmay_the_grid_square_5x5_minivault], layout_gridville
Temple:   cyrus_circular_temple

Skill      XL: |  1  2  3  4  5  6  7  8  9 10 |
---------------+-------------------------------+-----
Unarmed Combat | 4 5 6 7 8 10 11 | 11.9
Fighting       | 3 4 5 6 7 |  7.2
Dodging        | 3 4 5 6 |  6.0
Armour         | 2 4 |  4.8

Action                     |  1- 3 |  4- 6 |  7- 9 | 10-12 || total
---------------------------+-------+-------+-------+-------++-------
  Melee: Unarmed           |    89 |   104 |   232 |    66 ||   491
  Throw: Dart              |       |       |       |     4 ||     4
 Invoke: Berserk           |       |       |     4 |     2 ||     6
         Trog's Hand       |       |       |       |     1 ||     1
  Evoke: Wand              |       |     5 |    19 |     6 ||    30
    Use: Scroll            |       |     5 |     9 |     4 ||    18
         Potion            |       |     1 |     1 |     1 ||     3
   Stab: Paralysed         |       |     5 |     3 |       ||     8
 Armour: Robe              |    63 |    78 |   110 |       ||   251
         Skin              |       |     1 |     6 |       ||     7
         Steam dragon scal |       |       |    32 |    57 ||    89
  Dodge: Dodged            |    43 |    85 |   140 |    47 ||   315

Table legend: (Time is in decaauts)
 A = Elapsed time spent in this place.
 B = Non-inter-level travel time spent in this place.
 C = Inter-level travel time spent in this place.
 D = Time resting spent in this place.
 E = Time spent auto-exploring this place.
 F = Levels seen in this place.
 G = Mean time per level.
                   A        B        C        D        E       F      G
               +--------+--------+--------+--------+--------+-----+--------+
         Total |  10455 |  10455 |      0 |   2984 |   3927 |  11 |  950.5 |
       Dungeon |   9481 |   9481 |      0 |   2664 |   3592 |   9 | 1053.4 |
        Temple |    152 |    152 |      0 |    108 |      0 |   1 |  152.0 |
         Sewer |    821 |    821 |      0 |    212 |    335 |   1 |  821.0 |
               +--------+--------+--------+--------+--------+-----+--------+

Top non-repeatable levels by time:
     D:3: 1384 daAuts
     D:8: 1352 daAuts
     D:2: 1244 daAuts
     D:5: 1182 daAuts
     D:4: 1069 daAuts
     D:1: 870 daAuts
     D:9: 867 daAuts
   Sewer: 821 daAuts
     D:6: 806 daAuts
     D:7: 704 daAuts
  Temple: 152 daAuts
